 Dungeon Crawl Stone Soup version 0.29-a0-234-g0dae59b3db (webtiles) character file.

Game seed: 15502234727436718798

1042 spaghetti the Nimble (level 8, -3/52 HPs)
             Began as an Octopode Fighter on Mar 3, 2022.
             Was an Initiate of Ashenzari.
             Slain by an orc warrior
             ... wielding a +0 hand axe
              (14 damage)
             ... on level 6 of the Dungeon.
             The game lasted 00:06:37 (4562 turns).

spaghetti the Nimble (Octopode Fighter)             Turns: 4562, Time: 00:06:37

Health: -3/52      AC:  1    Str: 15    XL:     8   Next: 25%
Magic:  14/14      EV: 18    Int: 11    God:    Ashenzari [......]
Gold:   247        SH:  5    Dex: 19    Spells: 12/15 levels left

rFire   . . .      SeeInvis .   g - +2 dagger (speed) {short}
rCold   . . .      Faith    .   b - +0 buckler
rNeg    . . .      Spirit   .   (helmet restricted)
rPois   +          Reflect  .   (no amulet)
rElec   .          Harm     .   k - ring "Regret of Ashenzari" {Dex+6, Elem, Self} (curse)
rCorr   .          Rampage  .   l - ring of poison resistance
Will    .....                   (no ring)
Stlth   +++.......              (no ring)
HPRegen 0.17/turn               (no ring)
MPRegen 0.14/turn               (no ring)
                                (no ring)
                                (no ring)

@: no status effects
A: almost no armour, amphibious, 8 rings, camouflage 1, gelatinous body 1,
(nimble swimmer 1), tentacles
a: Renounce Religion, Curse Item, Shatter the Chains


You were on level 6 of the Dungeon.
You worshipped Ashenzari.
Ashenzari was noncommittal.
You visited 1 branch of the dungeon, and saw 7 of its levels.

You collected 247 gold pieces.


Innate Abilities, Weirdness & Mutations

You cannot wear most types of armour.
You are amphibious.
You can wear up to eight rings at the same time.
Your skin changes colour to match your surroundings (Stealth+).
Your rubbery body absorbs attacks. (AC +1, EV +1)
((You are camouflaged when in or above water. (Stealth+)))
You have tentacles for arms and can constrict up to eight enemies at once.


   Skills:
 - Level 3.0(3.3) Fighting
 - Level 2.0 Long Blades
 + Level 9.0 Dodging
 - Level 3.0 Shields
 - Level 3.5(4.0) Spellcasting


You had 12 spell levels left.
You knew the following spells:

 Your Spells              Type           Power      Damage    Failure   Level
a - Spider Form           Tmut/Pois      2%         N/A       67%         3

Your spell library contained the following spells:

 Spells                   Type           Power      Damage    Failure   Level
 Summon Small Mammal      Summ           8%         N/A       30%         1
 Ensorcelled Hibernation  Hex/Ice        4%         N/A       43%         2
 Call Canine Familiar     Summ           2%         N/A       67%         3
 Gell's Gravitas          Tloc           2%         N/A       67%         3
 Lesser Beckoning         Tloc           2%         N/A       67%         3
 Summon Guardian Golem    Hex/Summ       2%         N/A       67%         3
 Teleport Other           Tloc           2%         N/A       67%         3
 Anguish                  Hex/Necr       1%         N/A       97%         4

Inventory:

Hand Weapons
 a - a +0 long sword {long}
 e - a +1 dagger of speed {short}
   (You took it off a goblin on level 2 of the Dungeon)
 g - a +2 dagger of speed (weapon) {short}
   (You took it off a goblin on level 2 of the Dungeon)
 i - the +3 woodcutter's axe {vorpal}
   (You found it on level 3 of the Dungeon)

   It inflicts extra damage upon your enemies.
 m - a +4 dagger {short}
   (You took it off an orc on level 7 of the Dungeon)
Missiles
 d - 72 stones (quivered) {throwing}
 f - 2 atropa-tipped darts {throwing}
 p - 6 poisoned darts {throwing}
Armour
 b - a +0 buckler (worn)
Magical Staves
 h - a staff of fire {!astaff}
   (You found it on level 2 of the Dungeon)
 j - a staff of cold {!astaff}
   (You found it on level 3 of the Dungeon)
Jewellery
 k - the cursed ring "Regret of Ashenzari" (left tentacle) {Dex+6, Elem, Self}
   (You found it on level 3 of the Dungeon)

   [ring of dexterity]

   Dex:       It affects your dexterity (+6).
   It has a curse which improves the following skills: Elements: Fire Magic, Ice
   Magic, Air Magic and Earth Magic.
   Introspection: Fighting and Spellcasting.
 l - a ring of poison resistance (right tentacle)
   (You found it on level 6 of the Dungeon)
Wands
 c - a wand of polymorph (8)
   (You found it on level 6 of the Dungeon)

Dungeon Overview and Level Annotations

Branches:
Dungeon (7/15)
 Temple: D:4-7

Altars:
Ashenzari

Shops:
D:1 [

Annotations:
D:5 Dowan
D:7 Prince Ribbit

...............
...........?....
................#
.................#
.#...................
.#..................
#.............o..... #
##...........@o...... #.
#....................
#.##....................
##.#........=......#....
#.#................# ...
#..............###.# ..
#.........#....###.## .
.....#..#............
....###.##...........


You could see an orc warrior and an orc.


Message History

You completely miss the orc priest. You constrict the orc priest.
You hit the orc priest. You constrict the orc priest.
The orc priest barely misses you.
You hit the orc priest. You squeeze the orc priest.
You kill the orc priest!
(D) Dungeon
Where to? (Enter - D:6, ? - help)
You climb upwards.
You block the orc's attack.
There is a stone staircase leading down, spattered with blood here. 😕 HP[+1]
The orc warrior shouts!
You block the orc's attack.
You climb downwards.
There is a stone staircase leading up here.
You hit the orc. You grab the orc. You constrict the orc. The orc misses you.
You hit the orc.
You kill the orc!
No target in view!
No target in view!
No target in view!
An orc comes into view. It is wielding a +0 trident.
Things that are here:
a +4 dagger {short}; a +0 club {mace}; an orc corpse 😕 HP[+1]
m - a +4 dagger {short} An orc wizard comes into view.
It is wielding a +0 dagger.
There is a stone staircase leading up here.
There are monsters nearby!
The orc wizard shouts!
You hear a shout!
You hear a croak.
An orc wizard comes into view. It is wielding a +0 dagger.
The orc shouts!
The orc wizard mumbles some strange words.
The orc wizard flickers and vanishes!
Deactivating autopickup; reactivate with Ctrl-A.
Prince Ribbit comes into view.
You block the orc's attack.
You hit the orc. You grab the orc. You squeeze the orc, but do no damage.
You constrict the orc.
You kill the orc! 😕 HP[+1]
You hit the orc wizard. You grab the orc wizard. You squeeze the orc wizard!
You constrict the orc wizard.
You kill the orc wizard!
Your Dodging skill increases to level 9!
There is a stone staircase leading up here.
You climb upwards.
Reactivating autopickup.
The orc warrior hits you with a +0 hand axe!
You block the orc warrior's attack.
There is a stone staircase leading down, spattered with blood here. 😮 HP[-8]
You take 8 damage, and now have 39/52 hp.
Unknown command.
You closely miss the orc warrior.
The orc shouts!
You grab the orc warrior. You squeeze the orc warrior!
You constrict the orc warrior, but do no damage.
You hit the orc warrior but do no damage.
You squeeze the orc warrior. You constrict the orc warrior.
You block the orc warrior's attack.
The orc wizard gestures at you while chanting.
The magic dart hits you! 😮 HP[-9]
You take 9 damage, and now have 30/52 hp.
You hit the orc warrior but do no damage.
You constrict the orc warrior, but do no damage.
The orc warrior barely misses you. 😮 HP[+1]
You hit the orc warrior but do no damage.
You squeeze the orc warrior, but do no damage.
You constrict the orc warrior. The orc misses you.
The orc warrior hits you with a +0 hand axe. 😮 HP[-3]
You take 3 damage, and now have 28/52 hp.
You hit the orc warrior but do no damage.
You constrict the orc warrior, but do no damage.
You hit the orc warrior but do no damage.
You constrict the orc warrior.
The orc warrior hits you with a +0 hand axe!
* * * LOW HITPOINT WARNING * * *
The orc barely misses you.
The orc wizard gestures wildly while chanting.
The orc wizard flickers and vanishes!
Deactivating autopickup; reactivate with Ctrl-A. 😱 HP[-17]
You take 17 damage, and now have 11/52 hp.
MASSIVE DAMAGE!! (PAUSE)
You aren't carrying any potions.
Unknown command.
You aren't carrying any scrolls.
Unknown command.
Okay, then.
You hit the orc warrior but do no damage.
You constrict the orc warrior. The orc misses you. The orc warrior misses you.
You hit the orc warrior. You squeeze the orc warrior.
You constrict the orc warrior.
You hit the orc warrior but do no damage.
You constrict the orc warrior.
The orc warrior hits you with a +0 hand axe!
You die...

Skill      XL: |  1  2  3  4  5  6  7  8 |
---------------+-------------------------+-----
Dodging        | 4 5 6 7 8 9 |  9.0
Spellcasting   | 2 3 |  3.5
Fighting       | |  3.0
Long Blades    | |  2.0
Shields        | |  3.0

Action                   |  1- 3 |  4- 6 |  7- 9 || total
-------------------------+-------+-------+-------++-------
Melee: Long sword        |    10 |       |       ||    10
       Constrict         |    13 |    27 |    22 ||    62
       Tentacles         |    10 |    26 |    27 ||    63
       Dagger            |    56 |   146 |    74 ||   276
       Punch             |       |     2 |     4 ||     6
Throw: Stone             |       |     4 |       ||     4
Invok: Curse Item        |       |     1 |       ||     1
  Use: Scroll            |     1 |       |     2 ||     3
       Potion            |       |     2 |     7 ||     9
 Stab: Sleeping          |     1 |     8 |     7 ||    16
       Invisible         |       |       |     1 ||     1
Armor: Skin              |     5 |     9 |     1 ||    15
Dodge: Dodged            |    31 |    54 |    26 ||   111
Block: Buckler           |    14 |    19 |    14 ||    47

Levels and vault maps discovered:
D:1:      onia_arrival_mini_spirals, layout_rooms,
          hellmonk_ecumenical_altar_crossroads, serial_shops, shop
D:2:      layout_loops_corners, chequers_serial_rivers_small_3, uniq_natasha
D:3:      layout_loops_ring, uniq_robin
D:4:      layout_loops_ring
D:5:      nicolae_cairo_tiling, layout_basic, uniq_duvessa
D:6:      layout_layer_cave, chequers_arboretum, kennysheep_generic_room_12
D:7:      layout_rooms, minmay_temple_entry_trees, uniq_prince_ribbit1

Notes
Turn   | Place    | Note
-------+----------+-------------------------------------------
     0 | D:1      | spaghetti the Octopode Fighter began the quest for the Orb.
     0 | D:1      | Reached XP level 1. HP: 16/16 MP: 1/1
     0 | D:1      | magus.rc [v1.9.6]
    25 | D:1      | You pick up a book of Dreams and begin reading...
    25 | D:1      | You add the spells Ensorcelled Hibernation, Spider Form and
                  | Anguish to your library.
    26 | D:1      | Found Elios's Antique Armour Emporium.
    56 | D:2      | Reached XP level 2. HP: 18/21 MP: 2/2
   143 | D:2      | Reached skill level 4 in Dodging
   191 | D:2      | Reached XP level 3. HP: 24/26 MP: 3/3
   375 | D:1      | Found a faded altar of an unknown god.
   443 | D:1      | Prayed at the altar of an unknown god.
   443 | D:1      | Became a worshipper of Ashenzari the Shackled
   598 | D:2      | Reached XP level 4. HP: 22/31 MP: 4/4
   880 | D:2      | Noticed Natasha
   883 | D:2      | Killed Natasha
   884 | D:2      | Reached skill level 5 in Dodging
   958 | D:2      | Noticed Natasha
   963 | D:2      | Killed Natasha
   964 | D:2      | Reached XP level 5. HP: 25/36 MP: 5/5
  1285 | D:2      | Noticed Natasha
  1296 | D:2      | Killed Natasha
  1478 | D:3      | Found the +3 woodcutter's axe {vorpal}
  1716 | D:3      | Reached skill level 6 in Dodging
  1853 | D:3      | Noticed Robin
  1867 | D:3      | Killed Robin
  2051 | D:3      | You pick up a book of Callings and begin reading...
  2051 | D:3      | You add the spells Summon Small Mammal, Call Canine
                  | Familiar and Summon Guardian Golem to your library.
  2056 | D:3      | Learned a level 3 spell: Spider Form
  2419 | D:4      | Reached XP level 6. HP: 42/42 MP: 5/7
  2462 | D:4      | Reached skill level 1 in Spellcasting
  2498 | D:4      | You pick up a book of Displacement and begin reading...
  2498 | D:4      | You add the spells Lesser Beckoning, Gell's Gravitas and
                  | Teleport Other to your library.
  2850 | D:4      | Reached skill level 2 in Spellcasting
  3035 | D:4      | Reached skill level 7 in Dodging
  3269 | D:4      | Reached XP level 7. HP: 40/46 MP: 11/11
  3366 | D:4      | Reached skill level 3 in Spellcasting
  3527 | D:5      | Entered Level 5 of the Dungeon
  3929 | D:5      | Noticed Duvessa
  3949 | D:5      | Killed Duvessa
  3949 | D:5      | Noticed Dowan
  3950 | D:5      | Reached skill level 8 in Dodging
  4343 | D:6      | Reached XP level 8. HP: 48/52 MP: 14/14
  4548 | D:7      | Noticed Prince Ribbit
  4551 | D:7      | Reached skill level 9 in Dodging
  4559 | D:6      | HP: 11/52 [orc warrior/+0 hand axe (17)]
  4562 | D:6      | Slain by an orc warrior

Vanquished Creatures
  Duvessa (D:5)
  A black bear (D:4)
  A phantom (D:4)
  2 bullfrogs (D:6)
  A necrophage (D:6)
  A howler monkey (D:4)
  2 hounds
  An orc priest (D:7)
  6 iguanas
  Natasha (thrice) (D:2)
  2 orc wizards
  Robin (D:3)
  8 adders
  A white imp (D:6)
  3 worms
  2 dart slugs
  10 orcs
  5 ball pythons
  6 bats
  8 endoplasms
  11 goblins
  16 hobgoblins
  2 kobolds
  3 quokkas
  3 frilled lizards
  2 rats
102 creatures vanquished.

Table legend:
 A = Non-vault XP
 B = Vault XP
 C = Vault XP percentage of total XP
 D = Non-vault monster count
 E = Vault monster count
 F = Vault count percentage of total count
                 A         B        C        D         E       F
            +---------+---------+-------+---------+---------+-------
      Total |    1266 |     223 |  15.0 |      90 |      12 |  11.8
            +---------+---------+-------+---------+---------+-------
        D:1 |      29 |       0 |   0.0 |      16 |       0 |   0.0
        D:2 |     144 |      36 |  20.0 |      17 |       1 |   5.6
        D:3 |      46 |      33 |  41.8 |      16 |      10 |  38.5
        D:4 |     540 |       0 |   0.0 |      27 |       0 |   0.0
        D:5 |     162 |     154 |  48.7 |       6 |       1 |  14.3
        D:6 |     263 |       0 |   0.0 |       4 |       0 |   0.0
        D:7 |      82 |       0 |   0.0 |       4 |       0 |   0.0
            +---------+---------+-------+---------+---------+-------

Illustrated notes

Table legend:
 A = Kills in this place as a percentage of kills in entire the game.
 B = Kills by you in this place as a percentage of kills by you in the entire game.
 C = Kills by friends in this place as a percentage of kills by friends in the entire game.
 D = Other kills in this place as a percentage of other kills in the entire game.
 E = Experience gained in this place as a percentage of experience gained in the entire game.
 F = Experience gained in this place divided by the number of levels of this place that you have seen.
                   A       B       C       D       E      F
               +-------+-------+-------+-------+-------+----------------------
         Total | 100.0 | 100.0 |   N/A |   N/A | 100.0 | 212.7
       Dungeon | 100.0 | 100.0 |   N/A |   N/A | 100.0 | 212.7
               +-------+-------+-------+-------+-------+----------------------

Table legend: (Time is in decaauts)
 A = Elapsed time spent in this place.
 B = Non-inter-level travel time spent in this place.
 C = Inter-level travel time spent in this place.
 D = Time resting spent in this place.
 E = Time spent auto-exploring this place.
 F = Levels seen in this place.
 G = Mean time per level.
                   A        B        C        D        E       F      G
               +--------+--------+--------+--------+--------+-----+--------+
         Total |   4456 |   4307 |    149 |   1078 |   2600 |   7 |  636.6 |
       Dungeon |   4456 |   4307 |    149 |   1078 |   2600 |   7 |  636.6 |
               +--------+--------+--------+--------+--------+-----+--------+

Top non-repeatable levels by time:
     D:4: 1403 daAuts
     D:2: 1223 daAuts
     D:3: 925 daAuts
     D:5: 448 daAuts
     D:1: 224 daAuts
     D:6: 214 daAuts
     D:7: 16 daAuts
